DBL
COLORADO ROCKIES @ SEATTLE PILOTS
04/03/1997
 
TOP OF THE 1ST
Colorado Rockies batting - Pitching for Seattle Pilots : LHP Chris Haney
Pitching: LHP Chris Haney
Batting: LHB Todd Helton 0-0: Ground out U3 (Groundball, 3, EV 82.5 MPH)
Batting: RHB Juan Gonzalez 0-0: Swinging Strike
0-1: Ball
1-1: Swinging Strike
1-2: Strikes out looking
Batting: RHB Damion Easley 0-0: Ball
1-0: Bunt - Flyout to P! F1
Top of the 1st over - 0 runs, 0 hits, 0 errors, 0 left on base; Colorado 0 - Seattle 0
BOTTOM OF THE 1ST
Seattle Pilots batting - Pitching for Colorado Rockies : RHP Bill Wegman
Pitching: RHP Bill Wegman
Batting: SHB Pat Listach 0-0: Ball
1-0: Called Strike
1-1: Called Strike
1-2: Ball
2-2: Ball
3-2: Ground out 4-3 (Groundball, 4, EV 81.9 MPH)
Batting: SHB Bill R Mueller 0-0: Ball
1-0: Ball
2-0: Ball
3-0: Base on Balls
Batting: LHB Ken Griffey Jr. 0-0: Ball
Bill R Mueller steals 2nd, throwing error, E2
Bill R Mueller to third
1-0: DOUBLE (Line Drive, 78D, EV 113.8 MPH)
Bill R Mueller scores
Batting: RHB Edgar Martinez 0-0: Ball
1-0: Ball
2-0: SINGLE (Line Drive, 7S, EV 105.6 MPH)
Ken Griffey Jr. to third
Runner from 3rd tries for Home, SAFE, throw by LF to home
Batting: SHB Mickey Tettleton 0-0: Swinging Strike
0-1: Ball
1-1: Fly out, F5 (Popup, 56S, EV 76.9 MPH)
Batting: RHB Jermaine Dye 0-0: Called Strike
0-1: Swinging Strike
0-2: Foul Ball, location: 2F
0-2: Ball
1-2: Strikes out swinging
Bottom of the 1st over - 2 runs, 2 hits, 1 error, 1 left on base; Colorado 0 - Seattle 2
TOP OF THE 2ND
Colorado Rockies batting - Pitching for Seattle Pilots : LHP Chris Haney
Batting: RHB Glenn Davis 0-0: Ground out 5-3 (Groundball, 56S, EV 84.4 MPH)
Batting: SHB Dmitri Young 0-0: Ball
1-0: Foul Ball, location: 2F
1-1: Ball
2-1: Fly out, F9 (Flyball, 89D, EV 98.8 MPH)
Batting: RHB Steve Gibralter 0-0: Called Strike
0-1: SINGLE (Groundball, 25, EV 66.3 MPH) (infield hit)
Batting: SHB Brian Banks 0-0: Fly out, F9 (Flyball, 9D, EV 90.6 MPH)
Top of the 2nd over - 0 runs, 1 hit, 0 errors, 1 left on base; Colorado 0 - Seattle 2
BOTTOM OF THE 2ND
Seattle Pilots batting - Pitching for Colorado Rockies : RHP Bill Wegman
Batting: LHB J.T. Snow 0-0: Ground out 6-3 (Groundball, 4MD, EV 84.4 MPH)
Batting: RHB Dante Bichette 0-0: Ball
1-0: Called Strike
1-1: Ball
2-1: Swinging Strike
2-2: Foul Ball, location: 2F
2-2: Ball
3-2: SINGLE (Line Drive, 8RS, EV 85.0 MPH)
Batting: SHB Mark McLemore 0-0: Ball
1-0: Fly out, F9 (Flyball, 9LSF, EV 93.1 MPH)
Batting: SHB Pat Listach 0-0: Ball
1-0: Called Strike
1-1: Foul Ball, location: 2F
1-2: DOUBLE (Line Drive, 9LM, EV 103.8 MPH)
Dante Bichette to third
Runner from 3rd tries for Home, SAFE, throw by RF to trailing runner, SAFE at third!
Batting: SHB Bill R Mueller 0-0: Called Strike
0-1: Ball
1-1: Ball
2-1: Called Strike
2-2: Ball
3-2: Ground out 6-3 (Groundball, 6M, EV 82.5 MPH)
Bottom of the 2nd over - 1 run, 2 hits, 0 errors, 1 left on base; Colorado 0 - Seattle 3
TOP OF THE 3RD
Colorado Rockies batting - Pitching for Seattle Pilots : LHP Chris Haney
Batting: LHB Keith Lockhart 0-0: Ball
1-0: Called Strike
1-1: Foul Ball, location: 2F
1-2: Strikes out swinging
Batting: LHB Chip Hale 0-0: Called Strike
0-1: Ball
1-1: Ball
2-1: Foul Ball, location: 2F
2-2: SINGLE (Line Drive, 6MD, EV 101.3 MPH)
Batting: LHB Todd Helton 0-0: Ball
1-0: Foul Ball, location: 2F
1-1: Ball
2-1: Ball
3-1: Foul Ball, location: 2F
3-2: Foul Ball, location: 2F
3-2: Strikes out swinging
Batting: RHB Juan Gonzalez 0-0: Fly out, F9 (Flyball, 89M, EV 78.8 MPH)
Top of the 3rd over - 0 runs, 1 hit, 0 errors, 1 left on base; Colorado 0 - Seattle 3
BOTTOM OF THE 3RD
Seattle Pilots batting - Pitching for Colorado Rockies : RHP Bill Wegman
Batting: LHB Ken Griffey Jr. 0-0: Ball
1-0: Called Strike
1-1: Ball
2-1: Swinging Strike
2-2: Foul Ball, location: 2F
2-2: Foul Ball, location: 2F
2-2: Fly out, F5 (Popup, 25F, EV 88.8 MPH)
Batting: RHB Edgar Martinez 0-0: Ball
1-0: Ball
2-0: Called Strike
2-1: Swinging Strike
2-2: Foul Ball, location: 2F
2-2: Foul Ball, location: 2F
2-2: Foul Ball, location: 2F
2-2: SOLO HOME RUN (Flyball, 7D, EV 94.4 MPH), Distance : 376 ft
Batting: SHB Mickey Tettleton 0-0: Ball
1-0: Ball
2-0: Ball
3-0: Called Strike
3-1: Called Strike
3-2: Fly out, F8 (Flyball, 8RD, EV 96.9 MPH)
Batting: RHB Jermaine Dye 0-0: Ball
1-0: Ball
2-0: Called Strike
2-1: Foul Ball, location: 2F
2-2: DOUBLE (Line Drive, 7LM, EV 99.4 MPH)
Batting: LHB J.T. Snow 0-0: Called Strike
0-1: Foul Ball, location: 2F
0-2: Foul Ball, location: 2F
0-2: Foul Ball, location: 2F
0-2: Ball
1-2: Ground out 1-3 (Groundball, P, EV 67.5 MPH)
Bottom of the 3rd over - 1 run, 2 hits, 0 errors, 1 left on base; Colorado 0 - Seattle 4
TOP OF THE 4TH
Colorado Rockies batting - Pitching for Seattle Pilots : LHP Chris Haney
Batting: RHB Damion Easley 0-0: Ball
1-0: Foul Ball, location: 2F
1-1: Fly out, F8 (Line Drive, 8RM, EV 88.1 MPH)
Batting: RHB Glenn Davis 0-0: Ball
1-0: Ball
2-0: Fly out, F4 (Line Drive, 4, EV 74.4 MPH)
Batting: SHB Dmitri Young 0-0: Ball
1-0: Ball
2-0: Ball
3-0: Called Strike
3-1: Base on Balls
Batting: RHB Steve Gibralter 0-0: Ball
1-0: Called Strike
1-1: 2-RUN HOME RUN (Flyball, 78XD, EV 92.5 MPH), Distance : 418 ft
Batting: SHB Brian Banks 0-0: Foul Ball, location: 2F
0-1: Foul Ball, location: 2F
0-2: Foul Ball, location: 2F
0-2: Strikes out swinging, 2-3 out at first.
Top of the 4th over - 2 runs, 1 hit, 0 errors, 0 left on base; Colorado 2 - Seattle 4
BOTTOM OF THE 4TH
Seattle Pilots batting - Pitching for Colorado Rockies : RHP Bill Wegman
Batting: RHB Dante Bichette 0-0: Ball
1-0: Fly out, F9 (Flyball, 89S, EV 93.8 MPH)
Batting: SHB Mark McLemore 0-0: Called Strike
0-1: Ball
1-1: Swinging Strike
1-2: SOLO HOME RUN (Flyball, 89XD, EV 110.6 MPH), Distance : 408 ft
Batting: SHB Pat Listach 0-0: Ball
1-0: Ball
2-0: Fly out, F7 (Flyball, 7S, EV 70.6 MPH)
Batting: SHB Bill R Mueller 0-0: Ball
1-0: Swinging Strike
1-1: Ball
2-1: Swinging Strike
2-2: Strikes out looking
Bottom of the 4th over - 1 run, 1 hit, 0 errors, 0 left on base; Colorado 2 - Seattle 5
TOP OF THE 5TH
Colorado Rockies batting - Pitching for Seattle Pilots : LHP Chris Haney
Batting: LHB Keith Lockhart 0-0: Foul Ball, location: 2F
0-1: Ground out 6-3 (Groundball, 6M, EV 85.0 MPH)
Batting: LHB Chip Hale 0-0: Ball
1-0: Ground out U3 (Groundball, 3S, EV 83.1 MPH)
Batting: LHB Todd Helton 0-0: Swinging Strike
0-1: Called Strike
0-2: Strikes out swinging
Top of the 5th over - 0 runs, 0 hits, 0 errors, 0 left on base; Colorado 2 - Seattle 5
BOTTOM OF THE 5TH
Seattle Pilots batting - Pitching for Colorado Rockies : RHP Bill Wegman
Batting: LHB Ken Griffey Jr. 0-0: Ball
1-0: Called Strike
1-1: Ground out 1-3 (Groundball, 13, EV 71.9 MPH)
Batting: RHB Edgar Martinez 0-0: Foul Ball, location: 2F
0-1: Called Strike
0-2: Foul Ball, location: 2F
0-2: Ball
1-2: Foul Ball, location: 2F
1-2: Ball
2-2: Ball
3-2: Foul Ball, location: 2F
3-2: Fly out, F7 (Flyball, 7LM, EV 80.0 MPH)
Batting: SHB Mickey Tettleton 0-0: Called Strike
0-1: Called Strike
0-2: Strikes out swinging
Bottom of the 5th over - 0 runs, 0 hits, 0 errors, 0 left on base; Colorado 2 - Seattle 5
TOP OF THE 6TH
Colorado Rockies batting - Pitching for Seattle Pilots : LHP Chris Haney
Batting: RHB Juan Gonzalez 0-0: Called Strike
0-1: Ball
1-1: Foul Ball, location: 2F
1-2: Strikes out swinging
Batting: RHB Damion Easley 0-0: Fly out, F9 (Flyball, 8RS, EV 96.9 MPH)
Batting: RHB Glenn Davis 0-0: Ball
1-0: Called Strike
1-1: Ball
2-1: Swinging Strike
2-2: Strikes out swinging
Top of the 6th over - 0 runs, 0 hits, 0 errors, 0 left on base; Colorado 2 - Seattle 5
BOTTOM OF THE 6TH
Seattle Pilots batting - Pitching for Colorado Rockies : RHP Bill Wegman
Batting: RHB Jermaine Dye 0-0: Ball
1-0: Foul Ball, location: 2F
1-1: Swinging Strike
1-2: Reached on error, E6 (Groundball, 6M, EV 106.9 MPH)
Batting: LHB J.T. Snow 0-0: Bunt - Flyout to 25! F5
Batting: RHB Dante Bichette 0-0: Called Strike
0-1: Foul Ball, location: 2F
0-2: Foul Ball, location: 2F
0-2: Ball
1-2: Foul Ball, location: 2F
1-2: Ball
Wild Pitch!
Jermaine Dye to second
2-2: SINGLE (Groundball, 4MD, EV 100.6 MPH)
Jermaine Dye to third
Batting: SHB Mark McLemore 0-0: Called Strike
0-1: Foul Ball, location: 2F
0-2: Ball
1-2: Ball
2-2: Fly out, F4 (Popup, 13, EV 79.4 MPH)
Batting: SHB Pat Listach 0-0: Ball
1-0: Called Strike
1-1: Ball
2-1: Ground out 6-3 (Groundball, 6MS, EV 66.9 MPH)
Bottom of the 6th over - 0 runs, 1 hit, 1 error, 2 left on base; Colorado 2 - Seattle 5
TOP OF THE 7TH
Colorado Rockies batting - Pitching for Seattle Pilots : LHP Chris Haney
Batting: SHB Dmitri Young 0-0: Ball
1-0: Ground out 6-3 (Groundball, 6, EV 80.6 MPH)
Batting: RHB Steve Gibralter 0-0: Foul Ball, location: 2F
0-1: Ball
1-1: Foul Ball, location: 2F
1-2: Foul Ball, location: 2F
1-2: TRIPLE (Flyball, 89XD, EV 106.9 MPH)
Batting: SHB Brian Banks 0-0: Swinging Strike
0-1: Ball
1-1: Ball
2-1: Ball
3-1: SINGLE (Groundball, 6MD, EV 105.0 MPH)
Steve Gibralter scores
Batting: LHB Keith Lockhart 0-0: Ball
1-0: Called Strike
1-1: Ball
2-1: Fielders Choice at 2nd, 4-6 (Groundball, 4, EV 87.5 MPH)
Batting: LHB Chip Hale 0-0: Ball
1-0: Ball
2-0: Ball
3-0: Called Strike
3-1: Base on Balls
Keith Lockhart to second
Batting: LHB Todd Helton 0-0: Ball
1-0: Ball
2-0: Swinging Strike
2-1: SINGLE (Line Drive, 34D, EV 96.3 MPH)
Keith Lockhart to third
Chip Hale to second
Runner from 3rd tries for Home, SAFE, throw by RF to home
Batting: RHB Juan Gonzalez 0-0: Ball
1-0: Ball
2-0: Called Strike
2-1: Fly out, F9 (Flyball, 89S, EV 90.6 MPH)
Top of the 7th over - 2 runs, 3 hits, 0 errors, 2 left on base; Colorado 4 - Seattle 5
BOTTOM OF THE 7TH
Seattle Pilots batting - Pitching for Colorado Rockies : RHP Bill Wegman
Batting: SHB Bill R Mueller 0-0: Swinging Strike
0-1: Ball
1-1: Foul Ball, location: 2F
1-2: Ground out 4-3 (Groundball, 4, EV 104.4 MPH)
Batting: LHB Ken Griffey Jr. 0-0: Swinging Strike
0-1: Ball
1-1: Ball
2-1: Ball
3-1: Foul Ball, location: 2F
3-2: Base on Balls
Pitching: LHP Jason Christiansen
Batting: RHB Edgar Martinez 0-0: Ball
1-0: Ball
2-0: Ball
3-0: Base on Balls
Ken Griffey Jr. to second
Batting: SHB Mickey Tettleton 0-0: Swinging Strike
0-1: Ball
1-1: Swinging Strike
1-2: Ball
2-2: Strikes out swinging
Batting: RHB Jermaine Dye 0-0: Ball
1-0: Called Strike
1-1: Fly out, F7 (Flyball, 7, EV 88.1 MPH)
Bottom of the 7th over - 0 runs, 0 hits, 0 errors, 2 left on base; Colorado 4 - Seattle 5
TOP OF THE 8TH
Colorado Rockies batting - Pitching for Seattle Pilots : LHP Chris Haney
Batting: RHB Damion Easley 0-0: Ball
1-0: Foul Ball, location: 2F
1-1: Ball
2-1: SINGLE (Line Drive, 9LM, EV 101.9 MPH)
Batting: RHB Glenn Davis 0-0: Ball
1-0: Foul Ball, location: 2F
1-1: 2-RUN HOME RUN (Flyball, 89XD, EV 91.9 MPH), Distance : 401 ft
Pitching: LHP Alan Embree
Batting: SHB Dmitri Young 0-0: Ball
1-0: Foul Ball, location: 2F
1-1: Ball
2-1: Foul Ball, location: 2F
2-2: Strikes out swinging, 2-3 out at first.
Batting: RHB Steve Gibralter 0-0: Ball
1-0: Ball
2-0: Foul Ball, location: 2F
2-1: Swinging Strike
2-2: Foul Ball, location: 2F
2-2: Ground out 6-3 (Groundball, 6, EV 101.3 MPH)
Batting: SHB Brian Banks 0-0: Ball
1-0: Ball
2-0: Called Strike
2-1: Ball
3-1: Called Strike
3-2: Strikes out swinging
Top of the 8th over - 2 runs, 2 hits, 0 errors, 0 left on base; Colorado 6 - Seattle 5
BOTTOM OF THE 8TH
Seattle Pilots batting - Pitching for Colorado Rockies : LHP Jason Christiansen
Batting: LHB J.T. Snow 0-0: Ball
1-0: Called Strike
1-1: Foul Ball, location: 2F
1-2: Ball
2-2: Strikes out swinging
Batting: RHB Dante Bichette 0-0: SINGLE (Flyball, 7S, EV 90.0 MPH)
Pitching: RHP Mike Timlin
Batting: SHB Mark McLemore 0-0: Ball
1-0: Ball
2-0: Bunt missed!
2-1: Ball
3-1: Bunt missed!
3-2: Fly out, F7 (Line Drive, 7, EV 98.1 MPH)
Batting: SHB Pat Listach 0-0: Called Strike
0-1: Swinging Strike
0-2: Ball
1-2: Ball
2-2: Ground out 1-3 (Groundball, 13S, EV 67.5 MPH)
Bottom of the 8th over - 0 runs, 1 hit, 0 errors, 1 left on base; Colorado 6 - Seattle 5
TOP OF THE 9TH
Colorado Rockies batting - Pitching for Seattle Pilots : LHP Alan Embree
Batting: LHB Keith Lockhart 0-0: Ball
1-0: SINGLE (Groundball, 34D, EV 109.4 MPH)
Batting: LHB Chip Hale 0-0: Bunted foul
0-1: Bunted foul
0-2: Ball
1-2: Foul Ball, location: 2F
1-2: SINGLE (Groundball, 34D, EV 98.1 MPH)
Keith Lockhart to second
Runner from 2nd tries for 3rd, SAFE, throw by RF made to third
Pitching: RHP Mike Hartley
Batting: LHB Todd Helton 0-0: Swinging Strike
0-1: Ball
1-1: Ball
2-1: Ball
3-1: Base on Balls
Chip Hale to second
Batting: RHB Juan Gonzalez 0-0: Called Strike
0-1: Foul Ball, location: 2F
0-2: Ball
1-2: Grounds into fielders choice 6-2 (Groundball, 6, EV 90.6 MPH)
Chip Hale to third
Todd Helton to second
Batting: RHB Damion Easley 0-0: Ball
1-0: Ball
2-0: Ball
3-0: Base on Balls
Chip Hale scores
Todd Helton to third
Juan Gonzalez to second
Batting: RHB Glenn Davis 0-0: Called Strike
0-1: Ball
1-1: Foul Ball, location: 2F
1-2: Strikes out swinging
Batting: SHB Dmitri Young 0-0: Fly out, F2 (Popup, 23F, EV 76.9 MPH)
Top of the 9th over - 1 run, 2 hits, 0 errors, 3 left on base; Colorado 7 - Seattle 5
BOTTOM OF THE 9TH
Seattle Pilots batting - Pitching for Colorado Rockies : RHP Mike Timlin
Pitching: LHP Joey Eischen
Batting: SHB Bill R Mueller 0-0: Ball
1-0: Foul Ball, location: 2F
1-1: Swinging Strike
1-2: Ball
2-2: Foul Ball, location: 2F
2-2: Strikes out swinging
Batting: LHB Ken Griffey Jr. 0-0: Ball
1-0: Called Strike
1-1: Ball
2-1: Called Strike
2-2: Ball
3-2: Base on Balls
Batting: RHB Edgar Martinez 0-0: Called Strike
0-1: Swinging Strike
0-2: Ball
1-2: DOUBLE (Line Drive, 9LS, EV 107.5 MPH)
Ken Griffey Jr. to third
Batting: SHB Mickey Tettleton 0-0: Foul Ball, location: 2F
0-1: Foul Ball, location: 2F
0-2: Foul Ball, location: 2F
0-2: Strikes out swinging
Batting: RHB Jermaine Dye 0-0: Ball
1-0: Ball
2-0: Ball
3-0: Called Strike
3-1: Called Strike
3-2: Ground out U3 (Groundball, 3, EV 105.6 MPH)
Bottom of the 9th over - 0 runs, 1 hit, 0 errors, 2 left on base; Colorado 7 - Seattle 5
Wednesday, January 21st, 2026 - OOTP Baseball 20.8 Build 74